 Dungeon Crawl Stone Soup version 0.28.0-45-g0d030f2227 (webtiles) character file.

Game seed: 15906875101915794998

168 psko the Magician (level 5, -3/24 HPs)
             Began as a Spriggan Conjurer on Apr 3, 2022.
             Was a Plaything of Xom.
             Engulfed by a fire crab (shapeshifter)'s flame (9 damage)
             ... on level 3 of the Dungeon.
             The game lasted 00:25:13 (3896 turns).

psko the Magician (Spriggan Conjurer)               Turns: 3896, Time: 00:25:13

Health: -3/24      AC:  2    Str:  5    XL:     5   Next: 24%
Magic:  6/12       EV: 17    Int: 19    God:    Xom [...*..]
Gold:   124        SH:  0    Dex: 14    Spells: 12/13 levels left

rFire   . . .      SeeInvis +   i - +4 dagger
rCold   . . .      Faith    .   (no shield)
rNeg    . . .      Spirit   .   a - +0 robe
rPois   .          Reflect  .   (helmet restricted)
rElec   .          Harm     .   l - scarf {repulsion}
rCorr   .          Rampage  .   (gloves unavailable)
Will    .....                   (boots unavailable)
Stlth   ++........              (no amulet)
HPRegen 0.08/turn               (no ring)
MPRegen 0.13/turn               (no ring)

@: repel missiles, very quick
A: very small, no large weapons, unfitting armour, see invisible, speed 3
a: Renounce Religion


You were on level 3 of the Dungeon.
You worshipped Xom.
You were a favourite toy of Xom.
You visited 1 branch of the dungeon, and saw 3 of its levels.

You collected 124 gold pieces.

Inventory:

Hand Weapons
 f - a +2 dagger of protection
 g - a +2 dagger of freezing
 i - a +4 dagger (weapon)
 r - a +0 dagger
Armour
 a - a +0 robe (worn)
 l - a scarf of repulsion (worn)
 p - a +0 cloak
Wands
 o - a wand of flame (13)
Scrolls
 e - a scroll of immolation
 n - a scroll of blinking {unknown}
 q - a scroll of identify {unknown}
Potions
 b - a potion of flight {unknown}
 c - 4 potions of curing {unknown}
 d - 2 potions of cancellation {unknown}
 h - a potion of haste {unknown}
 j - a potion of resistance {unknown}
 k - 2 potions of brilliance {unknown}
 m - a potion of magic {unknown}


   Skills:
 + Level 3.0 Dodging
 + Level 3.7 Stealth
 + Level 4.5 Spellcasting
 + Level 4.1 Conjurations


You had 12 spell levels left.
You knew the following spells:

 Your Spells              Type           Power      Damage    Failure   Level
a - Magic Dart            Conj           80%        1d7       2%          1

Your spell library contained the following spells:

 Spells                   Type           Power      Damage    Failure   Level
 Searing Ray              Conj           40%        2d5       3%          2
 Dazzling Flash           Conj/Hex       24%        N/A       17%         3
 Fulminant Prism          Conj/Hex       6%         3d7       50%         4
 Iskenderun's Mystic Bla  Conj/Tloc      12%        2d5       50%         4


Dungeon Overview and Level Annotations

Branches:
Dungeon (3/15)

Altars:
Xom


Innate Abilities, Weirdness & Mutations

You are very small and have problems with some larger weapons.
You are too small for most types of armour.
You have supernaturally acute eyesight. (SInv)
You cover ground extremely quickly. (Speed+++)


Message History

The river rat is severely wounded. "Boo!"
You hear an angry hiss.
Unknown command.
Casting: Magic Dart (safe; 2% risk of failure)
Confirm with . or Enter, or press ? or * to list all spells.
Aiming: Magic Dart (safe; 2% risk of failure)
Press: ? - help, Shift-Dir - straight line, f/p - river rat
Aim: a river rat (severely wounded, 100% to hit)
The magic dart hits the river rat.
The river rat is almost dead.
The river rat barely misses you.
Casting: Magic Dart (safe; 2% risk of failure)
Confirm with . or Enter, or press ? or * to list all spells.
Aiming: Magic Dart (safe; 2% risk of failure)
Press: ? - help, Shift-Dir - straight line, f/p - river rat
Aim: a river rat (almost dead, 100% to hit)
The magic dart hits the river rat but does no damage.
The river rat is almost dead. "Hum-dee-hum-dee-hum..."
The river rat changes into a shapeshifter!
The shapeshifter changes into a fire crab!
Casting: Magic Dart (safe; 2% risk of failure)
Confirm with . or Enter, or press ? or * to list all spells.
Aiming: Magic Dart (safe; 2% risk of failure)
Press: ? - help, Shift-Dir - straight line, f/p - fire crab
Aim: a fire crab shaped shifter (lightly wounded, 100% to hit)
The magic dart hits the fire crab but does no damage.
The fire crab is lightly wounded.
The fire crab breathes flames at you. The blast of flame engulfs you!
You emit a cloud of colourful smoke!
Xom titters.
The fire crab looks rather confused.
You feel a bit more experienced. The fire crab breathes flames at you.
You are engulfed in blazing flames.
* * * LOW HITPOINT WARNING * * *
You are engulfed in blazing flames.
You die...

.####### .B.S°B.#
†#####t##
≈≈S≈≈#..#
BB≈≈≈#..#
≈≈S≈≈#..#
rrr≈≈#.t##########
######..○○°○○°°°°#
........########@#
........# ######.#
....##### #...)..#
....# #.####.#
#.### #.# #.# #.#
#.# #.# #.# #.#
#.# #.# #.####.###
#.#######
#.##.....#


There were no monsters in sight!

Vanquished Creatures
  A hound (D:3)
  Ijyb (D:3)
  Robin (D:3)
  2 adders
  A worm (D:3)
  4 dart slugs
  An orc (D:3)
  3 bats
  5 endoplasms
  3 giant cockroaches
  13 goblins
  4 hobgoblins
  2 jackals (D:2)
  5 kobolds
  4 quokkas
  10 ball pythons
  2 frilled lizards (D:3)
  6 rats
68 creatures vanquished.

Vanquished Creatures (others)
  3 fungi (D:3)
  3 plants (D:3)
6 creatures vanquished.

Grand Total: 74 creatures vanquished

Notes
Turn   | Place    | Note
-------+----------+-------------------------------------------
     0 | D:1      | psko the Spriggan Conjurer began the quest for the Orb.
     0 | D:1      | Reached XP level 1. HP: 9/9 MP: 5/5
   252 | D:1      | Reached XP level 2. HP: 10/13 MP: 0/6
   796 | D:1      | Reached XP level 3. HP: 16/16 MP: 5/8
  1527 | D:2      | Found a shimmering altar of Xom.
  1893 | D:2      | Became a worshipper of Xom of Chaos
  2118 | D:2      | XOM: silly message
  2384 | D:3      | XOM: silly message
  2416 | D:3      | Reached XP level 4. HP: 21/21 MP: 1/10
  2561 | D:3      | Noticed Ijyb
  2565 | D:3      | XOM: butterfly on damage
  2635 | D:3      | Killed Ijyb
  2915 | D:3      | XOM: potion effect (invisibility)
  3131 | D:3      | XOM: silly message
  3174 | D:3      | XOM: enchant monster (bad)
  3176 | D:3      | Noticed Robin
  3183 | D:3      | XOM: enchant monster (good)
  3359 | D:3      | Reached XP level 5. HP: 24/24 MP: 8/12
  3364 | D:3      | Killed Robin
  3564 | D:3      | Found a faded altar of an unknown god.
  3877 | D:3      | XOM: noise
  3879 | D:3      | Noticed a shapeshifter
  3879 | D:3      | a river rat changed into a shapeshifter
  3879 | D:3      | XOM: polymorph river rat -> shapeshifter
  3879 | D:3      | Noticed a fire crab
  3879 | D:3      | a shapeshifter changed into a fire crab
  3880 | D:3      | XOM: smoke on damage
  3883 | D:3      | XOM: confuse monster(s)
  3896 | D:3      | Engulfed by a fire crab (shapeshifter)'s flame

Illustrated notes

Levels and vault maps discovered:
D:1:      co_arrival_square_in_a_square_in_a_square, layout_basic,
          minmay_pentomino_p2
D:2:      layout_loops_cross, basic_altar, patterned_corridor
D:3:      layout_loops_ring, shapermc_ecumenical_altar_acropolis,
          portal_sewer_entry_c, uniq_ijyb, uniq_robin

Skill      XL: |  1  2  3  4  5 |
---------------+----------------+-----
Conjurations   | 3 4 |  4.1
Spellcasting   | 3 4 |  4.5
Dodging        | 3 |  3.0
Stealth        | |  3.7

Action                   |  1- 3 |  4- 6 || total
-------------------------+-------+-------++-------
Melee: Dagger            |       |    22 ||    22
 Cast: Magic Dart        |   108 |    71 ||   179
  Use: Scroll            |     4 |       ||     4
Armor: Robe              |     2 |       ||     2
Dodge: Dodged            |     4 |    11 ||    15
       Repelled          |       |     4 ||     4
